 Dungeon Crawl Stone Soup version 0.30-a0-920-g7493c07aab (webtiles) character file.

Game seed: 14491375775512252820

189 lunkers the Shooter (level 6, 0/48 HPs)
             Began as a Meteoran Hunter on Mar 21, 2023.
             Was an Initiate of Dithmenos.
             Slain by a sleepcap (1 damage)
             ... on level 5 of the Dungeon on Mar 22, 2023.
             The game lasted 00:04:03 (1042 turns).

lunkers the Shooter (Meteoran Hunter)               Turns: 1042, Time: 00:04:04

Health: 0/48       AC:  3    Str: 15    XL:     6   Next: 20%
Magic:  7/7        EV:  2    Int: 10    God:    Dithmenos [......]
Gold:   117        SH:  0    Dex: 18    Spells: 5/5 levels left

rFire   . . .      SeeInvis .    a - +0 shortbow
rCold   . . .      Faith    .    (shield currently unavailable)
rNeg    . . .      Spirit   .    c - +0 leather armour
rPois   .          Reflect  .    (no helmet)
rElec   .          Rampage  .    (no cloak)
rCorr   .                        (no gloves)
Will    .....                    (no boots)
Stlth   +                        f - amulet of magic regeneration
HPRegen 0.28/turn                (no ring)
MPRegen 0.50/turn                (no ring)

@: sleeping, glowing
A: sense surroundings 1, otherworldly, glowing, explore regen
a: Renounce Religion


You were on level 5 of the Dungeon.
You worshipped Dithmenos.
Dithmenos was noncommittal.
You visited 1 branch of the dungeon, and saw 5 of its levels.

You collected 117 gold pieces.

Inventory:

Hand Weapons
 a - a +0 shortbow (weapon)
Missiles
 g - 5 curare-tipped darts
Armour
 c - a +0 leather armour (worn)
Jewellery
 f - an amulet of magic regeneration (around neck)
Scrolls
 b - a scroll of immolation
 d - 4 scrolls of identify {unknown}
 i - 2 scrolls of vulnerability {unknown}
 k - a scroll of fog {unknown}
 m - a scroll of amnesia {unknown}
 n - 2 scrolls of teleportation {unknown}
 o - a scroll of acquirement {unknown}
 p - 2 scrolls of noise {unknown}
 q - a scroll of enchant weapon {unknown}
 s - a scroll of poison {unknown}
Potions
 e - 3 potions of degeneration {unknown}
 h - a potion of berserk rage {unknown}
 j - a potion of might {unknown}
 l - a potion of haste {unknown}
 r - a potion of lignification {unknown}


   Skills:
 - Level 2.1 Fighting
 + Level 7.4 Ranged Weapons
 - Level 2.4 Dodging
 - Level 0.6 Stealth


You had 5 spell levels left.
You didn't know any spells.
Your spell library contained the following spells:

 Spells                   Type           Power      Damage    Failure   Level
 Alistair's Intoxication  Tmut/Pois      0%         N/A       100%        5
 Borgnjor's Vile Clutch   Necr/Erth      0%         N/A       100%        5
 Eringya's Noxious Bog    Tmut/Pois      0%         N/A       100%        6


Dungeon Overview and Level Annotations

Branches:
Dungeon (5/15) Zot: 1914
 Temple: D:4-7

Altars:
Dithmenos
Elyvilon


Innate Abilities, Weirdness & Mutations

You passively map a small area around you.
You are easily found by Zot.
You glow in the dark.
You regain HP and MP as you explore.


Message History

You shoot an arrow. The arrow hits the iguana.
The iguana is almost dead.
The iguana bites you!
* * * LOW HITPOINT WARNING * * *
Fire: a) +0 shortbow
Press: ? - help, Q - select action, (/) - cycle Shift-Dir - straight line, f/p - iguana
Aim: an iguana (almost dead, 69% to hit)
You shoot an arrow. The arrow closely misses the iguana.
The arrow hits the sleepcap.
The sleepcap is moderately damaged.
The iguana bites you but does no damage.
Fire: a) +0 shortbow
Press: ? - help, Q - select action, (/) - cycle Shift-Dir - straight line, f/p - iguana
Aim: an iguana (almost dead, 69% to hit)
You shoot an arrow. The arrow hits the iguana!
You kill the iguana!
Dithmenos accepts your kill.
Fire: a) +0 shortbow
Press: ? - help, Q - select action, (/) - cycle Shift-Dir - straight line, f - sleepcap
Aim: a sleepcap (moderately damaged, 98% to hit)
You shoot an arrow. The arrow hits the sleepcap.
The sleepcap is heavily damaged.
The sleepcap barely misses you. x2
Fire: a) +0 shortbow
Press: ? - help, Q - select action, (/) - cycle Shift-Dir - straight line, f/p - sleepcap
Aim: a sleepcap (heavily damaged, 98% to hit)
You shoot an arrow. The arrow hits the sleepcap.
The sleepcap is heavily damaged.
The sleepcap closely misses you.
Fire: a) +0 shortbow
Press: ? - help, Q - select action, (/) - cycle Shift-Dir - straight line, f/p - sleepcap
Aim: a sleepcap (heavily damaged, 98% to hit)
You shoot an arrow. The arrow hits the sleepcap.
The sleepcap is severely damaged.
The sleepcap releases spores at you!
* * * LOW HITPOINT WARNING * * *
You are engulfed in a cloud of soporific spores!
You fall asleep.
The sleepcap releases spores at you.
You die...

* #.......#...# , ,,
####..#.##...#.#######
......)...............
#####.#.###....######
, #.#.# ####.# * # #.#
#.# #.#.######.#
#..........# , *
#.##@#####.# , *
#.##f# #.# #...w# #.#
#.##.# #.# * *#, #.#
#.# , #.#* #.# * , ...
, ..# , , #.#* ,* ..#
*


You could see a sleepcap and a worm.

Vanquished Creatures
  A hound (D:5)
  3 iguanas
  2 adders
  3 dart slugs
  2 orcs (D:4)
  3 ball pythons
  7 bats
  4 endoplasms (D:1)
  A giant cockroach (D:3)
  3 goblins
  3 hobgoblins (D:1)
  11 jackals
  2 frilled lizards
  6 kobolds
  3 rats
54 creatures vanquished.

Notes
Turn   | Place    | Note
-------+----------+-------------------------------------------
     0 | D:1      | lunkers the Meteoran Hunter began the quest for the Orb.
     0 | D:1      | Reached XP level 1. HP: 17/17 MP: 2/2
   169 | D:1      | Reached XP level 2. HP: 24/24 MP: 3/3
   179 | D:1      | Reached skill level 5 in Ranged Weapons
   221 | D:1      | Reached XP level 3. HP: 19/29 MP: 4/4
   433 | D:2      | Reached XP level 4. HP: 34/36 MP: 5/5
   622 | D:3      | Reached skill level 6 in Ranged Weapons
   673 | D:3      | Reached XP level 5. HP: 31/41 MP: 6/6
   936 | D:4      | Found a white marble altar of Elyvilon.
   953 | D:4      | Found a shadowy altar of Dithmenos.
   974 | D:4      | Became a worshipper of Dithmenos the Shadowed
   982 | D:5      | Entered Level 5 of the Dungeon
  1033 | D:5      | Reached skill level 7 in Ranged Weapons
  1033 | D:5      | Reached XP level 6. HP: 44/48 MP: 7/7
  1041 | D:5      | HP: 1/48 [sleepcap (7)]
  1042 | D:5      | Slain by a sleepcap

Illustrated notes

Levels and vault maps discovered:
D:1:      tarquinn_simple_flora_water_b, layout_loops_ring,
          minmay_misc_feat_alley
D:2:      minmay_door_path, layout_basic, basic_altar
D:3:      layout_basic, minmay_misc_feat_encased
D:4:      layout_basic, elyvilon_altar_5, lemuel_doored_altar,
          minmay_misc_feat_rugged, uniq_crazy_yiuf_cottage
D:5:      layout_loops_ring, minmay_overflow_temple_star_hex

Skill      XL: |  1  2  3  4  5 |
---------------+----------------+-----
Ranged Weapons | 5 6 7 |  7.4
Fighting       | |  2.1
Dodging        | |  2.4
Stealth        | |  0.6

Action                     |  1- 3 |  4- 6 || total
---------------------------+-------+-------++-------
   Fire: Shortbow          |    78 |    92 ||   170
 Armour: Leather armour    |    22 |    13 ||    35
  Dodge: Dodged            |    46 |    35 ||    81

Table legend: (Time is in decaauts)
 A = Elapsed time spent in this place.
 B = Non-inter-level travel time spent in this place.
 C = Inter-level travel time spent in this place.
 D = Time resting spent in this place.
 E = Time spent auto-exploring this place.
 F = Levels seen in this place.
 G = Mean time per level.
                   A        B        C        D        E       F      G
               +--------+--------+--------+--------+--------+-----+--------+
         Total |   1084 |   1025 |     59 |      0 |    647 |   5 |  216.8 |
       Dungeon |   1084 |   1025 |     59 |      0 |    647 |   5 |  216.8 |
               +--------+--------+--------+--------+--------+-----+--------+

Top non-repeatable levels by time:
     D:1: 443 daAuts
     D:3: 259 daAuts
     D:2: 185 daAuts
     D:4: 131 daAuts
     D:5: 64 daAuts
